 Dungeon Crawl Stone Soup version 0.22.1-1-ga44c0e5 (webtiles) character file.

2149 Fang the Cleaver (level 9, -11/84 HPs)
             Began as a Gargoyle Berserker on Sept 27, 2018.
             Was a Priest of Trog.
             Mangled by a two-headed ogre
             ... wielding a +0 giant club
              (18 damage)
             ... on level 7 of the Dungeon.
             The game lasted 00:09:37 (7283 turns).

Fang the Cleaver (Gargoyle Berserker)               Turns: 7283, Time: 00:09:38

Health: -11/84     AC: 11    Str: 30    XL:     9   Next: 31%
Magic:  9/9        EV: 14    Int:  7    God:    Trog [***...]
Gold:   400        SH:  0    Dex:  9    Spells: 8/8 levels left

rFire    x . .     SeeInvis +   a - +0 hand axe
rCold    + . .     Gourm    .   (no shield)
rNeg     + . .     Faith    .   b - +1 animal skin
rPois    ∞         Spirit   .   (no helmet)
rElec    +         Reflect  .   (no cloak)
rCorr    .         Harm     .   (no gloves)
MR       .....                  q - +1 pair of boots
Stlth    ..........             (no amulet)
HPRegen  0.24/turn              s - ring of see invisible
MPRegen  0.11/turn              r - ring of ice

@: berserking, very quick
A: negative energy resistance 1, electricity resistance, unbreathing,
petrification resistance, rot immunity, AC +6
a: Berserk, Trog's Hand, Renounce Religion


You were on level 7 of the Dungeon.
You worshipped Trog.
Trog was most pleased with you.
You were very hungry.

You visited 2 branches of the dungeon, and saw 8 of its levels.

You collected 400 gold pieces.

Inventory:

Hand Weapons
 a - a +0 hand axe (weapon)
Armour
 b - a +1 animal skin (worn)
 q - a +1 pair of boots (worn)
Jewellery
 p - an uncursed ring of flight
 r - a ring of ice (right hand)
 s - a ring of see invisible (left hand)
Wands
 k - a wand of iceblast (8)
Scrolls
 f - a scroll of fog
 i - a scroll of enchant armour
 j - 4 scrolls of teleportation
 l - 2 scrolls of remove curse
 m - a scroll of fear
 w - a scroll of magic mapping
Potions
 d - 2 potions of lignification
 e - 3 potions of haste
 g - a potion of cancellation
 h - a potion of mutation
 n - a potion of ambrosia
 o - 2 potions of might
 t - a potion of resistance {unknown}
 u - a potion of agility {unknown}
Comestibles
 c - 22 rations


   Skills:
 + Level 6.9 Fighting
 + Level 8.1 Axes
 + Level 2.6 Armour
 + Level 5.0 Dodging
 + Level 3.3 Stealth


You had 8 spell levels left.
You didn't know any spells.
Your spell library was empty.

Dungeon Overview and Level Annotations

Branches:
Dungeon (7/15)             Temple (1/1) D:7

Altars:
Fedhas
Gozag
Nemelex Xobeh
Okawaru
Qazlal
Vehumet
Yredelemnul

Shops:
D:4 !}!(


Innate Abilities, Weirdness & Mutations

You are resistant to torment.
Your stone body is resilient. (AC +6)
You are immune to poison.
You resist negative energy. (rN+)
You are resistant to electric shocks. (rElec)
You can survive without breathing.
You are immune to petrification.
You are immune to rotting.


Message History

A two-headed ogre is nearby!
The two-headed ogre hits you with a giant club!!
The two-headed ogre hits you with a giant club!
A red film seems to cover your vision as you go berserk!
You feel yourself moving faster!
You feel mighty!
You are feeling very hungry.
The two-headed ogre closely misses you.
The two-headed ogre hits you with a giant club!!
* * * LOW HITPOINT WARNING * * *
You are too injured to fight recklessly!
You are too injured to fight recklessly!
You are too berserk!
You are too injured to fight recklessly!
You barely miss the two-headed ogre.
You are too injured to fight recklessly!
You are too injured to fight recklessly!
You slash the two-headed ogre!
The two-headed ogre is moderately wounded.
The two-headed ogre hits you with a giant club!!
You die...

### #.. #.# #.#
#.# #.# #O#
#.#.# #@# #.#.#
#.# # # #.#[#
#.# #.# #.#.#
#.#####.###.#.#
#......#....#.#
#####.###...#.#
##.#......#
##..##.###
##.##.#


You could see a two-headed ogre.

Vanquished Creatures
  A yak (D:7)
  3 hogs (D:7)
  3 humans (D:7)
  A hungry ghost (D:7)
  An orc warrior (D:6)
  An ogre (D:7)
  A centaur (D:5)
  A scorpion (D:7)
  A howler monkey (D:6)
  3 crimson imps
  A jelly (D:5)
  2 orc priests
  A bullfrog skeleton (D:4)
  4 hounds
  3 orc wizards
  An iguana (D:4)
  4 worker ants
  2 hound zombies
  A hound skeleton (D:7)
  5 adders
  An adder zombie (D:5)
  2 worms
  3 leopard geckos
  21 orcs
  5 bats
  4 giant cockroaches
  3 goblins
  9 hobgoblins
  11 jackals
  8 kobolds
  2 quokkas
  A ball python (D:1)
  6 frilled lizards
  A quokka zombie (D:5)
  5 rats
122 creatures vanquished.

Notes
Turn   | Place    | Note
-------+----------+-------------------------------------------
     0 | D:1      | Fang the Gargoyle Berserker began the quest for the Orb.
     0 | D:1      | Reached XP level 1. HP: 14/14 MP: 1/1
   222 | D:1      | Reached XP level 2. HP: 19/19 MP: 2/2
   276 | D:1      | Reached skill level 3 in Axes
  1181 | D:2      | Reached XP level 3. HP: 13/24 MP: 3/3
  1419 | D:2      | Reached XP level 4. HP: 27/29 MP: 4/4
  1560 | D:2      | Found a radiant altar of Vehumet.
  1810 | D:2      | Reached ** piety under Trog
  2398 | D:3      | Reached XP level 5. HP: 13/33 MP: 5/5
  2825 | D:3      | Reached skill level 4 in Axes
  2883 | D:3      | Found a stormy altar of Qazlal.
  3171 | D:4      | Reached XP level 6. HP: 25/40 MP: 6/6
  3364 | D:4      | Found Hyqog's Weapon Emporium.
  3366 | D:4      | Found Voshak's Distillery.
  3366 | D:4      | Found Xoqyz's Gadget Emporium.
  3369 | D:4      | Found Nynec's Distillery.
  3488 | D:4      | Reached skill level 1 in Stealth
  3605 | D:4      | Found a stormy altar of Qazlal.
  3683 | D:4      | Found an opulent altar of Gozag.
  3914 | D:5      | Entered Level 5 of the Dungeon
  4142 | D:5      | Reached skill level 5 in Fighting
  4217 | D:5      | Reached XP level 7. HP: 27/44 MP: 7/7
  4386 | D:5      | Reached skill level 5 in Axes
  4751 | D:5      | Reached *** piety under Trog
  5624 | D:6      | Found a basalt altar of Yredelemnul.
  5920 | D:7      | Reached XP level 8. HP: 35/50 MP: 8/8
  6091 | D:7      | Reached skill level 6 in Axes
  6464 | D:7      | Found a blossoming altar of Fedhas.
  6530 | D:7      | Found a sparkling altar of Nemelex Xobeh.
  6844 | D:7      | Found an iron altar of Okawaru.
  6969 | D:7      | Noticed a yak
  6976 | D:7      | Reached skill level 7 in Axes
  6983 | D:7      | Reached XP level 9. HP: 52/56 MP: 9/9
  6989 | D:7      | Reached skill level 8 in Axes
  7169 | D:7      | Reached skill level 5 in Dodging
  7191 | D:7      | Found a staircase to the Ecumenical Temple.
  7253 | Temple   | Entered the Ecumenical Temple
  7276 | D:7      | Noticed a two-headed ogre
  7283 | D:7      | Mangled by a two-headed ogre

Skill      XL: |  1  2  3  4  5  6  7  8  9 |
---------------+----------------------------+-----
Axes           | 3 4 5 7 8 |  8.1
Fighting       | 4 5 6 |  6.9
Dodging        | 2 3 4 5 |  5.0
Stealth        | 1 2 3 |  3.3
Armour         | |  2.6

Action                   |  1- 3 |  4- 6 |  7- 9 || total
-------------------------+-------+-------+-------++-------
Melee: Hand axe          |    80 |   265 |   232 ||   577
Invok: Berserk           |     1 |     1 |     6 ||     8
  Use: Scroll            |       |       |    15 ||    15
 Stab: Sleeping          |     1 |     1 |       ||     2
  Eat: Chunk             |     1 |    10 |     9 ||    20
       Ration            |       |       |     3 ||     3
Armor: Animal skin       |    30 |   122 |    72 ||   224
Dodge: Dodged            |    62 |   215 |   146 ||   423
